 Dungeon Crawl Stone Soup version 0.25.1-8-g42b30a86e7 (webtiles) character file.

Game seed: 14669173742836732384

77 Clowww109 the Ruffian (level 4, 21/44 HPs)
             Began as a Troll Monk on Dec 3, 2020.
             Quit the game on level 3 of the Dungeon on Dec 10, 2020.
             The game lasted 00:05:26 (1312 turns).

Clowww109 the Ruffian (Troll Monk)                  Turns: 1312, Time: 00:05:26

Health: 21/44      AC:  6    Str: 20    XL:     4   Next: 14%
Magic:  3/3        EV: 11    Int:  6    God:
Gold:   91         SH:  0    Dex: 12    Spells: 3/3 levels left

rFire    . . .     SeeInvis .     - Unarmed
rCold    . . .     Gourm    +   (no shield)
rNeg     . . .     Faith    .   a - +0 robe
rPois    .         Spirit   .   (helmet restricted)
rElec    .         Reflect  .   (no cloak)
rCorr    .         Harm     .   (gloves unavailable)
MR       .....                  (boots unavailable)
Stlth    ++........             (no amulet)
HPRegen  0.54/turn              (no ring)
MPRegen  0.08/turn              (no ring)

@: no status effects
A: large, unfitting armour, claws 3, fast metabolism 3, gourmand, regeneration
1, shaggy fur 1, tough skin 3
a: no special abilities


You were on level 3 of the Dungeon.
You were very full.

You visited 1 branch of the dungeon, and saw 3 of its levels.

You collected 91 gold pieces.

Inventory:

Armour
 a - a +0 robe (worn)
Scrolls
 c - 2 scrolls of teleportation {unknown}
 d - a scroll of enchant armour {unknown}
 e - a scroll of immolation {unknown}
 f - a scroll of magic mapping {unknown}
Potions
 g - a potion of curing {unknown}
 h - a potion of invisibility {unknown}
 i - a potion of lignification {unknown}
Comestibles
 b - 4 rations
 j - 4 chunks of flesh


   Skills:
 + Level 2.9 Fighting
 + Level 3.0 Dodging
 + Level 1.3 Stealth
 + Level 3.8 Unarmed Combat


You had 3 spell levels left.
You didn't know any spells.
Your spell library was empty.

Dungeon Overview and Level Annotations

Branches:
Dungeon (3/15)

Altars:

Annotations:
D:3 Jessica


Innate Abilities, Weirdness & Mutations

You are too large for most types of armour.
You have claws for hands.
Your metabolism is lightning-fast.
You like to eat raw meat.
Your natural rate of healing is unusually fast.
You are covered in fur. (AC +1)
You have extremely tough skin. (AC +3)


Message History

Pain shoots through your body! The bat closely misses you.
Jessica hits you but does no damage.
You barely miss Jessica. The bat hits you but does no damage. Jessica hits you.
You scratch Jessica.
Jessica is lightly wounded.
The bat hits you but does no damage. The bat hits you.
Jessica barely misses you.
You barely miss Jessica. You claw Jessica.
Jessica is heavily wounded.
The bat hits you.
Jessica casts a spell.
Jessica blinks!
The bat closely misses you.
Found a leatherbound book.
You claw the bat!
You kill the bat!
Jessica casts a spell at you. You resist with some effort.
You see here a bat corpse.
Are you sure you want to abandon this character and quit the game? (Confirm with "yes".)

#... .. #../#
##.. :....
###.). . ....
....# #..
...##$.##...#
#..#........
#.........#
####...#......
####.@)<@....#
#.........##.#
...............#
....##..#..#....
..## #.###.....#
# #. #..... #.
..... .. ##...
## ...


You could see Jessica.

Vanquished Creatures
  A bullfrog skeleton (D:2)
  An adder (D:2)
  An ooze (D:3)
  A worm (D:2)
  A leopard gecko (D:2)
  4 bats
  2 giant cockroaches
  8 goblins
  2 hobgoblins (D:2)
  A quokka (D:2)
  3 ball pythons (D:2)
  3 frilled lizards
  2 kobolds (D:2)
  3 rats
33 creatures vanquished.

Notes
Turn   | Place    | Note
-------+----------+-------------------------------------------
     0 | D:1      | Clowww109 the Troll Monk began the quest for the Orb.
     0 | D:1      | Reached XP level 1. HP: 22/22 MP: 0/0
   714 | D:2      | Reached XP level 2. HP: 18/29 MP: 1/1
   945 | D:2      | Reached XP level 3. HP: 36/36 MP: 2/2
  1273 | D:2      | Reached XP level 4. HP: 44/44 MP: 3/3
  1291 | D:3      | Noticed Jessica
  1312 | D:3      | Quit the game

Illustrated notes

Levels and vault maps discovered:
D:1:      onia_arrival_mini_maze, layout_loops_ring,
          chequers_serial_rivers_small_3
D:2:      layout_loops_cross
D:3:      layout_rooms, lemuel_doored_altar, uniq_jessica

Skill      XL: |  1  2  3 |
---------------+----------+-----
Dodging        | 3 |  3.0
Fighting       | |  2.9
Stealth        | |  1.3
Unarmed Combat | |  3.8

Action                   |  1- 3 |  4- 6 || total
-------------------------+-------+-------++-------
Melee: Unarmed           |    78 |    13 ||    91
       Punch             |     1 |     1 ||     2
 Stab: Sleeping          |     3 |       ||     3
  Eat: Chunk             |    17 |       ||    17
Armor: Robe              |    40 |    10 ||    50
Dodge: Dodged            |    49 |    18 ||    67
